 Dungeon Crawl Stone Soup version 0.31-a0-237-g2d982f9f85 (webtiles) character file.

Game seed: 3549125543177865526

964 qw the Skirmisher (level 7, -5/59 (61) HPs)
             Began as a Minotaur Hexslinger on July 10, 2023.
             Slain by an ogre
             ... wielding a +0 giant club
              (30 damage)
             ... on level 4 of the Dungeon.
             The game lasted 00:01:46 (3817 turns).

qw the Skirmisher (Minotaur Hexslinger)             Turns: 3817, Time: 00:01:47

HP:   -5/59 (61)    AC:  8    Str: 17    XL:     7   Next: 93%
MP:   7/7           EV: 12    Int: 10    God:
Gold: 175           SH:  5    Dex: 15    Spells: 7/8 levels left

rFire   . . .        Y - +1 sling (flame)
rCold   . . .        (no shield)
rNeg    . . .        m - +3 leather armour "Wucheuj" {*Corrode Str+5}
rPois   +            (helmet restricted)
rElec   .            a - +0 cloak
rCorr   .            i - +0 pair of gloves
SInv    .            (no boots)
Will    .....        d - amulet of reflection
Stlth   +            h - ring of poison resistance
HPRegen 0.29/turn    (no ring)
MPRegen 0.10/turn

%: corrode self (3%), reflection
@: lightly drained
A: horns 2, retaliatory headbutt
a: no special abilities


You were on level 4 of the Dungeon.
You visited 1 branch of the dungeon, and saw 5 of its levels.

You collected 272 gold pieces.
You spent 97 gold pieces at shops.


Innate Abilities, Weirdness & Mutations

You have a pair of horns on your head.
You reflexively headbutt those who attack you in melee.


   Skills:
 - Level 5.3 Fighting
 + Level 8.6 Ranged Weapons
 - Level 1.2 Armour
 - Level 3.1 Dodging
 - Level 1.0 Spellcasting
 - Level 2.0 Hexes


You had 7 spell levels left.
You knew the following spells:

 Your Spells              Type           Power      Damage    Failure   Level
a - Slow                  Hex            16%        N/A       19%         1

Your spell library contained the following spells:

 Spells                   Type           Power      Damage    Failure   Level
 Inner Flame              Hex/Fire       2%         N/A       63%         3
 Portal Projectile        Hex/Tloc       4%         N/A       63%         3
 Cause Fear               Hex            2%         N/A       87%         4

Inventory:

Hand Weapons
 Y - a +1 sling of flaming (weapon)
Armour
 a - a +0 cloak (worn)
 i - a +0 pair of gloves (worn)
 m - the +3 leather armour "Wucheuj" (worn) {*Corrode Str+5}
   (You found it on level 3 of the Dungeon)

   Str:       It affects your strength (+5).
   *Corrode:  It may corrode you when you take damage.
Jewellery
 d - an amulet of reflection (around neck)
 h - a ring of poison resistance (left hand)
Scrolls
 j - a scroll of identify
Potions
 b - a potion of cancellation
 c - a potion of enlightenment
 f - a potion of haste {unknown}
 g - a potion of might {unknown}
 k - a potion of resistance {unknown}
 l - a potion of curing {unknown}

Dungeon Overview and Level Annotations

Branches:
Dungeon (5/15)
 Temple: D:4-7

Altars:
Gozag
Kikubaaqudgha
Ru
The Shining One

Shops:
D:2 [   D:3 ?


Message History

The sling bullet hits the scorpion.
The sling bullet burns the scorpion.
The scorpion is almost dead.
You block the scorpion's attack. You block the wight's attack.
You shoot a sling bullet.
The sling bullet barely misses the scorpion.
The scorpion stings you. You block the ogre's attack.
The wight hits you from afar with a +4 halberd!
3809 ||| STAIRDANCE The scorpion stings you.
The wight hits you but does no damage. The scorpion barely misses you.
You climb upwards.
There is a stone staircase leading down here.
You shoot a sling bullet.
The sling bullet hits the scorpion but does no damage.
The scorpion is almost dead.
The ogre misses you. The scorpion completely misses you.
You shoot a sling bullet.
The sling bullet barely misses the scorpion.
The scorpion closely misses you. You furiously retaliate!
You headbutt the scorpion!
You kill the scorpion!
The ogre barely misses you.
You shoot a sling bullet. The sling bullet hits the ogre.
The sling bullet burns the ogre.
The ogre is moderately wounded.
You shoot a sling bullet.
The sling bullet barely misses the ogre.
The ogre hits you with a +0 giant club!!
You shoot a sling bullet. The sling bullet hits the ogre.
The sling bullet burns the ogre.
The ogre is heavily wounded.
The ogre closely misses you.
You shoot a sling bullet.
The sling bullet barely misses the ogre.
You shoot a sling bullet. The sling bullet hits the ogre.
The sling bullet burns the ogre.
The ogre is severely wounded.
The ogre hits you with a +0 giant club!!
Ouch! That really hurt!
You die...

########## #......##.# #..#
.).......# #......'..# #..#
.........### #......######..#
...........# ##.......>..#..#
...........########.....####.#..#
..##...................:# #.#..#
..##...%................# #.#..#
..#######...............# #.#...
..# #.......@.....### #.##.# ..#
#......[O.....#### #.##.. ..#
######...........# #.#### ..#
######......# #.# ###
#......####### #............#
#............# #............#
#######............#


You could see an ogre.

Vanquished Creatures
  Grinder (D:3)
  Menkaure (D:4)
  A black bear (D:3)
  A scorpion (D:4)
  3 wights
  A howler monkey (D:5)
  A bullfrog zombie (D:5)
  2 hounds (D:4)
  3 gnolls (D:3)
  7 adders
  3 dart slugs
  A worm (D:3)
  2 orcs (D:3)
  7 ball pythons
  6 bats
  7 endoplasms
  2 giant cockroaches
  9 goblins
  13 hobgoblins
  11 jackals
  7 kobolds
  2 quokkas
  3 frilled lizards
  7 rats
101 creatures vanquished.

Notes
Turn   | Place    | Note
-------+----------+-------------------------------------------
     0 | D:1      | qw the Minotaur Hexslinger began the quest for the Orb.
     0 | D:1      | Reached XP level 1. HP: 16/16 MP: 1/1
     0 | D:1      | 0 ||| qw: Version: 0.3-a-52-g30416fa
     0 | D:1      | 0 ||| qw: Game counter: 5391
     0 | D:1      | 0 ||| qw: Melee chars always use a shield: true
     0 | D:1      | 0 ||| qw: God list: Okawaru
     0 | D:1      | 0 ||| qw: Allow faded altars: false
     0 | D:1      | 0 ||| qw: Do Orc after clearing Dungeon:15 true
     0 | D:1      | 0 ||| qw: Do second Lair branch before Depths: true
     0 | D:1      | 0 ||| qw: Lair rune preference: random
     0 | D:1      | 0 ||| qw: Goals: Normal
     0 | D:1      | 0 ||| PLANNING D:1-11
    64 | D:1      | 64 ||| Stepping ~*~*~tactically~*~*~ (outnumbered).
    74 | D:1      | Reached skill level 3 in Ranged Weapons
    74 | D:1      | Reached XP level 2. HP: 8/23 MP: 2/2
    76 | D:1      | HP: 5/23 [jackal (1)]
   426 | D:1      | Reached XP level 3. HP: 29/29 MP: 3/3
   577 | D:1      | 577 ||| UPGRADING to +0 ring mail.
   587 | D:1      | 587 ||| DROPPING +0 robe.
   588 | D:1      | 588 ||| UPGRADING to amulet of reflection.
   593 | D:1      | 593 ||| UPGRADING to ring of poison resistance.
   594 | D:1      | 594 ||| READING scroll labelled LIAD XEEGIPSAD.
   595 | D:1      | 595 ||| READING scroll labelled KOGEOTI BITAA.
   596 | D:1      | 596 ||| DROPPING scroll of poison.
   603 | D:2      | Found Dogaewuw's Armour Boutique.
   612 | D:2      | 612 ||| BUYING +0 cloak (45 gold).
   612 | D:2      | Bought a +0 cloak for 45 gold pieces
   612 | D:2      | 612 ||| SHOPLISTING +0 robe of cold resistance (77 gold,
                  | have 6).
   612 | D:2      | 612 ||| SHOPLISTING +3 leather armour of poison resistance
                  | (210 gold, have 6).
   612 | D:2      | 612 ||| SHOPLISTING +3 pair of gauntlets of War {Slay+5}
                  | (475 gold, have 6).
   685 | D:2      | Reached skill level 4 in Ranged Weapons
   778 | D:2      | Reached skill level 1 in Armour
   890 | D:2      | Reached XP level 4. HP: 36/36 MP: 4/4
  1349 | D:2      | 1349 ||| UPGRADING to +0 cloak.
  1354 | D:2      | 1354 ||| UPGRADING to +0 pair of gloves.
  1359 | D:2      | 1359 ||| READING 2 scrolls labelled YGRIRHIUGH.
  1360 | D:2      | 1360 ||| DROPPING scroll of fog.
  1425 | D:3      | Found Givihead's Magic Scroll Boutique.
  1437 | D:3      | 1437 ||| SHOPLISTING scroll of enchant weapon (97 gold,
                  | have 56).
  1437 | D:3      | 1437 ||| BUYING scroll of identify (26 gold).
  1437 | D:3      | Bought a scroll of identify for 26 gold pieces
  1437 | D:3      | 1437 ||| BUYING scroll of identify (26 gold).
  1437 | D:3      | Bought a scroll of identify for 26 gold pieces
  1437 | D:3      | 1437 ||| SHOPLISTING scroll of identify (26 gold, have 4).
  1437 | D:3      | 1437 ||| READING 2 scrolls of identify.
  1437 | D:3      | 1437 ||| IDENTIFYING amethyst potion
  1439 | D:3      | 1439 ||| DROPPING potion of attraction.
  1501 | D:3      | Reached skill level 5 in Ranged Weapons
  1524 | D:3      | Found a glowing golden altar of the Shining One.
  1543 | D:3      | Noticed a black bear
  1553 | D:3      | HP: 6/37 [black bear (6)]
  1554 | D:3      | Killed a black bear
  1555 | D:3      | Reached XP level 5. HP: 8/46 MP: 5/5
  1577 | D:3      | 1577 ||| FLEEEEING.
  1578 | D:3      | 1578 ||| FLEEEEING.
  1579 | D:3      | 1579 ||| FLEEEEING.
  1580 | D:3      | 1580 ||| FLEEEEING.
  1581 | D:3      | 1581 ||| FLEEEEING.
  1582 | D:3      | 1582 ||| FLEEEEING.
  1583 | D:3      | 1583 ||| FLEEEEING.
  1584 | D:3      | 1584 ||| FLEEEEING.
  1593 | D:3      | HP: 11/46 [kobold/+0 rapier (3)]
  1769 | D:3      | Identified the +3 leather armour "Wucheuj" {*Corrode Str+5}
  1785 | D:3      | Found a faded altar of an unknown god.
  2249 | D:3      | Noticed Grinder
  2269 | D:3      | Paralysed by Grinder for 4 turns
  2273 | D:3      | HP: 9/46 [Grinder/nerve-wracking pain (10)]
  2275 | D:3      | Killed Grinder
  2276 | D:3      | Reached skill level 6 in Ranged Weapons
  2276 | D:3      | Reached XP level 6. HP: 11/52 MP: 6/6
  2447 | D:3      | 2447 ||| UPGRADING to +3 leather armour "Wucheuj" {*Corrode
                  | Str+5}.
  2457 | D:3      | 2457 ||| DROPPING +0 ring mail.
  2458 | D:3      | 2458 ||| READING scroll labelled MEERATEUWO.
  2463 | D:3      | 2463 ||| READING 3 scrolls of identify.
  2463 | D:3      | 2463 ||| IDENTIFYING blue potion
  2464 | D:3      | 2464 ||| READING 2 scrolls of identify.
  2464 | D:3      | 2464 ||| IDENTIFYING fuming blue potion
  2498 | D:4      | Reached skill level 7 in Ranged Weapons
  2500 | D:4      | 2500 ||| STAIRDANCE
  2504 | D:4      | 2504 ||| STAIRDANCE
  2508 | D:4      | 2508 ||| STAIRDANCE
  2512 | D:4      | 2512 ||| STAIRDANCE
  2516 | D:4      | 2516 ||| STAIRDANCE
  2520 | D:4      | 2520 ||| STAIRDANCE
  2524 | D:4      | 2524 ||| STAIRDANCE
  2528 | D:4      | 2528 ||| STAIRDANCE
  2532 | D:4      | 2532 ||| STAIRDANCE
  2536 | D:4      | 2536 ||| STAIRDANCE
  2540 | D:4      | 2540 ||| STAIRDANCE
  2544 | D:4      | 2544 ||| STAIRDANCE
  2548 | D:4      | 2548 ||| STAIRDANCE
  2552 | D:4      | 2552 ||| STAIRDANCE
  2556 | D:4      | 2556 ||| STAIRDANCE
  2560 | D:4      | 2560 ||| STAIRDANCE
  2564 | D:4      | 2564 ||| STAIRDANCE
  2568 | D:4      | 2568 ||| STAIRDANCE
  2572 | D:4      | 2572 ||| STAIRDANCE
  2576 | D:4      | 2576 ||| STAIRDANCE
  2664 | D:4      | Found an opulent altar of Gozag.
  2727 | D:4      | Found an ancient bone altar of Kikubaaqudgha.
  2737 | D:4      | Found a sacrificial altar of Ru.
  2766 | D:4      | Reached XP level 7. HP: 59/59 MP: 7/7
  2812 | D:4      | Noticed Menkaure
  2813 | D:4      | 2813 ||| FLEEEEING.
  2825 | D:4      | 2825 ||| FLEEEEING.
  2849 | D:4      | Killed Menkaure
  2886 | D:4      | 2886 ||| FLEEEEING.
  2887 | D:4      | 2887 ||| FLEEEEING.
  2888 | D:4      | 2888 ||| FLEEEEING.
  2889 | D:4      | 2889 ||| FLEEEEING.
  2890 | D:4      | 2890 ||| FLEEEEING.
  2891 | D:4      | 2891 ||| FLEEEEING.
  2892 | D:4      | 2892 ||| FLEEEEING.
  2893 | D:4      | 2893 ||| FLEEEEING.
  2895 | D:4      | 2895 ||| FLEEEEING.
  2896 | D:4      | 2896 ||| FLEEEEING.
  2897 | D:4      | 2897 ||| FLEEEEING.
  2898 | D:4      | 2898 ||| FLEEEEING.
  2899 | D:4      | 2899 ||| FLEEEEING.
  2900 | D:4      | 2900 ||| FLEEEEING.
  2901 | D:4      | 2901 ||| FLEEEEING.
  2902 | D:4      | 2902 ||| FLEEEEING.
  2903 | D:4      | 2903 ||| FLEEEEING.
  2904 | D:4      | 2904 ||| FLEEEEING.
  2905 | D:4      | 2905 ||| FLEEEEING.
  2906 | D:4      | 2906 ||| FLEEEEING.
  2907 | D:4      | 2907 ||| FLEEEEING.
  2908 | D:4      | 2908 ||| FLEEEEING.
  2910 | D:4      | 2910 ||| FLEEEEING.
  2911 | D:4      | 2911 ||| FLEEEEING.
  2912 | D:4      | 2912 ||| FLEEEEING.
  2913 | D:4      | 2913 ||| FLEEEEING.
  2914 | D:4      | 2914 ||| FLEEEEING.
  2915 | D:4      | 2915 ||| FLEEEEING.
  2916 | D:4      | 2916 ||| FLEEEEING.
  2918 | D:4      | 2918 ||| FLEEEEING.
  2919 | D:4      | 2919 ||| FLEEEEING.
  2920 | D:4      | 2920 ||| FLEEEEING.
  2921 | D:4      | 2921 ||| FLEEEEING.
  2922 | D:4      | 2922 ||| FLEEEEING.
  2923 | D:4      | 2923 ||| FLEEEEING.
  2924 | D:4      | 2924 ||| FLEEEEING.
  2925 | D:4      | 2925 ||| FLEEEEING.
  3354 | D:4      | Reached skill level 8 in Ranged Weapons
  3476 | D:4      | 3476 ||| READING scroll labelled PUORRAIGOW.
  3477 | D:4      | 3477 ||| READING scroll labelled HYESIO BOUCKU.
  3521 | D:5      | Entered Level 5 of the Dungeon
  3597 | D:5      | 3597 ||| FLEEEEING.
  3607 | D:5      | Reached skill level 3 in Dodging
  3612 | D:5      | 3612 ||| STAIRDANCE
  3747 | D:5      | 3747 ||| STAIRDANCE
  3809 | D:5      | 3809 ||| STAIRDANCE
  3817 | D:4      | Slain by an ogre

Levels and vault maps discovered:
D:1:      dpeg_arrival_windows_large_door, layout_basic
D:2:      layout_loops_ring, serial_shops, nicolae_shop_just_a_little_nook,
          minmay_tromino_v7
D:3:      layout_basic, nicolae_overflow_hidden_temple,
          hellmonk_ecumenical_altar_crossroads, serial_shops,
          nicolae_square_shop, uniq_grinder
D:4:      layout_basic, mainiacjoe_overflow_large_starburst,
          nicolae_gozag_cash_rules_everything_around_me, uniq_menkaure
D:5:      layout_cave_pools, xom_teletrap_fun, serial_undead, serial_undead_a,
          serial_undead_c, serial_undead_e, serial_undead_a,
          ebering_ghost_sewer_d, nicolae_houndstooth_variations

Skill      XL: |  1  2  3  4  5  6  7 |
---------------+----------------------+-----
Ranged Weapons | 3 4 5 6 7 8 |  8.6
Fighting       | 2 4 5 |  5.3
Armour         | 1 |  1.2
Dodging        | 3 |  3.1
Spellcasting   | |  1.0
Hexes          | |  2.0

Action                     |  1- 3 |  4- 6 |  7- 9 || total
---------------------------+-------+-------+-------++-------
   Fire: Sling             |   107 |   173 |    66 ||   346
    Use: Scroll            |     2 |     5 |     2 ||     9
 Armour: Robe              |     4 |       |       ||     4
         Ring mail         |     4 |    18 |       ||    22
         Leather armour    |       |     3 |     4 ||     7
  Dodge: Dodged            |    35 |    59 |    20 ||   114
  Block: Other             |     3 |    22 |     7 ||    32
         Reflection        |       |     2 |       ||     2

Table legend:
 A = Non-vault XP
 B = Vault XP
 C = Vault XP percentage of total XP
 D = Non-vault monster count
 E = Vault monster count
 F = Vault count percentage of total count
                 A         B        C        D         E       F
            +---------+---------+-------+---------+---------+-------
      Total |     854 |     524 |  38.0 |      95 |       6 |   5.9
            +---------+---------+-------+---------+---------+-------
        D:1 |      51 |       0 |   0.0 |      27 |       0 |   0.0
        D:2 |      50 |      16 |  24.2 |      22 |       3 |  12.0
        D:3 |     255 |     290 |  53.2 |      26 |       1 |   3.7
        D:4 |     283 |     172 |  37.8 |      16 |       1 |   5.9
        D:5 |     215 |      46 |  17.6 |       4 |       1 |  20.0
            +---------+---------+-------+---------+---------+-------
